 Dungeon Crawl Stone Soup version 0.22.0-27-ga576289 (webtiles) character file.

583 Folque the Conjurer (level 7, -1/50 HPs)
             Began as a Black Draconian Conjurer on Aug 22, 2018.
             Slain by an orc warrior
             ... wielding a +0 scimitar
              (15 damage)
             ... on level 5 of the Dungeon.
             The game lasted 00:18:09 (4549 turns).

Folque the Conjurer (Black Draconian Conjurer)      Turns: 4549, Time: 00:18:10

Health: -1/50      AC:  7    Str: 11    XL:     7   Next: 14%
Magic:  1/13       EV: 13    Int: 17    God:
Gold:   212        SH:  0    Dex: 11    Spells: 8/14 levels left

rFire    . . .     SeeInvis .   p - +2 scythe (slice)
rCold    . . .     Gourm    .   (shield currently unavailable)
rNeg     . . .     Faith    .   (armour unavailable)
rPois    .         Spirit   .   (helmet restricted)
rElec    +         Reflect  .   (no cloak)
rCorr    .         Harm     .   (no gloves)
MR       .....                  g - +0 pair of boots
Stlth    ++........             (no amulet)
HPRegen  0.16/turn              (no ring)
MPRegen  0.13/turn              (no ring)

@: no status effects
A: breathe lightning, unfitting armour, electricity resistance, cold-blooded, AC
+6
a: Breathe Lightning


You were on level 5 of the Dungeon.
You were very hungry.

You visited 1 branch of the dungeon, and saw 5 of its levels.

You collected 212 gold pieces.

Inventory:

Hand Weapons
 a - a +0 whip
 d - a +0 short sword
 j - a +2 dagger of venom
 p - a +2 scythe of slicing (weapon)
Armour
 g - a +0 pair of boots (worn)
Jewellery
 v - an uncursed ring of ice {unknown}
Wands
 m - a wand of flame (18)
Scrolls
 e - 3 scrolls of remove curse
 h - a scroll of immolation
 i - a scroll of amnesia {unknown}
 k - 2 scrolls of teleportation
 l - a scroll of enchant weapon {unknown}
 n - 2 scrolls of fear
 s - 2 scrolls of identify
 w - a scroll of magic mapping {unknown}
Potions
 c - 2 potions of curing
 f - a potion of might
 o - a potion of agility {unknown}
 q - a potion of flight {unknown}
 r - a potion of mutation {unknown}
 t - a potion of magic {unknown}
 u - a potion of haste {unknown}
 x - a potion of lignification {unknown}
 z - a potion of berserk rage {unknown}
Comestibles
 b - 9 rations
 A - a chunk of flesh


   Skills:
 - Level 1.0 Polearms
 * Level 3.9 Dodging
 - Level 1.7 Stealth
 - Level 4.0 Spellcasting
 + Level 6.0 Conjurations
 - Level 2.0 Hexes


You had 8 spell levels left.
You knew the following spells:

 Your Spells              Type           Power        Failure   Level  Hunger
a - Magic Dart            Conj           ###.         1%          1    None
b - Searing Ray           Conj           ###...       1%          2    ##.....
c - Dazzling Spray        Conj/Hex       ###...       9%          3    ###....

Your spell library contained the following spells:

 Spells                   Type           Power        Failure   Level  Hunger
 Iskenderun's Mystic Bla  Conj           ###.....     13%         4    ####...
 Fulminant Prism          Conj/Hex       ###.......   30%         4    ####...
 Force Lance              Conj/Tloc      ##......     41%         4    ####...


Dungeon Overview and Level Annotations

Branches:
Dungeon (5/15)
 Temple: D:4-7

Altars:
Hepliaklqana


Innate Abilities, Weirdness & Mutations

You can breathe wild blasts of lightning.
Your glossy black scales are hard. (AC +6)
You cannot fit into any form of body armour.
You are resistant to electric shocks. (rElec)
You are cold-blooded and may be slowed by cold attacks.


Message History

Without enough magic to sustain it, your searing ray dissipates.
The orc warrior closely misses you.
Throwing (i - inventory)
y - a throwing net (quivered)
Press: ? - help, Shift-Dir - straight line, f/p - orc warrior
Aim: an orc warrior, wielding a scimitar and wearing a plate armour (severely wounded)
You throw a throwing net.
The throwing net closely misses the orc warrior.
The orc warrior barely misses you.
You hit the orc warrior but do no damage.
You tail-slap the orc warrior, but do no damage.
The orc warrior is severely wounded.
The orc warrior hits you with a scimitar!
* * * LOW HITPOINT WARNING * * *
Aiming: Throw Flame
Press: ? - help, Shift-Dir - straight line, f/p - orc warrior
Aim: an orc warrior, wielding a scimitar and wearing a plate armour (severely wounded)
The puff of flame hits the orc warrior.
The orc warrior appears unharmed.
The orc warrior is severely wounded.
The orc warrior hits you with a scimitar!
You die...

#...#.......#..#
###.#.......#..#
###.##.....##..#
#≈..####.####..#
#≈<............#
#≈≈###########..#
#≈≈ ##.## #≈≈≈
#..# K#≈≈≈ #@.#
..#≈≈≈ #o##
..##≈≈
......)...# # #≈≈
..........#
.....)....#
)......(..#
###########


You could see an orc warrior.

Vanquished Creatures
  Sigmund (D:2)
  A jelly (D:5)
  2 hounds (D:4)
  An orc priest (D:5)
  An iguana (D:4)
  A worker ant (D:4)
  Robin (D:3)
  6 gnolls (D:4)
  6 adders
  An ooze (D:2)
  An adder skeleton (D:4)
  3 worms
  4 dart slugs
  5 leopard geckos
  3 orcs
  5 bats
  2 giant cockroaches
  17 goblins
  15 hobgoblins
  7 jackals
  8 kobolds
  A quokka (D:3)
  A ball python (D:1)
  7 frilled lizards
  5 rats
105 creatures vanquished.

Vanquished Creatures (others)
  A plant (D:2)
1 creature vanquished.

Grand Total: 106 creatures vanquished

Notes
Turn   | Place    | Note
-------+----------+-------------------------------------------
     0 | D:1      | Folque the Draconian Conjurer began the quest for the Orb.
     0 | D:1      | Reached XP level 1. HP: 14/14 MP: 3/3
   426 | D:1      | Reached XP level 2. HP: 17/20 MP: 3/5
   637 | D:1      | Learned a level 2 spell: Searing Ray
   741 | D:1      | Reached XP level 3. HP: 26/26 MP: 6/6
   749 | D:1      | Learned a level 3 spell: Dazzling Spray
  1063 | D:2      | Noticed Sigmund
  1614 | D:2      | Reached XP level 4. HP: 33/33 MP: 5/8
  1809 | D:2      | Killed Sigmund
  1809 | D:2      | Reached skill level 5 in Conjurations
  1809 | D:2      | Reached skill level 1 in Hexes
  1809 | D:2      | Reached XP level 5. HP: 17/38 MP: 0/11
  2319 | D:3      | Reached skill level 1 in Polearms
  2343 | D:3      | Noticed Robin
  2353 | D:3      | Reached XP level 6. HP: 45/45 MP: 1/12
  2379 | D:3      | Killed Robin
  4152 | D:4      | Your scales start taking on a glossy black colour.
  4152 | D:4      | Reached XP level 7. HP: 45/50 MP: 3/13
  4152 | D:4      | Gained mutation: You are resistant to electric shocks. (rElec) [Black Draconian growth]
  4495 | D:5      | Entered Level 5 of the Dungeon
  4508 | D:5      | Found a hazy altar of Hepliaklqana.
  4538 | D:5      | Reached skill level 6 in Conjurations
  4549 | D:5      | Slain by an orc warrior

Skill      XL: |  1  2  3  4  5  6  7 |
---------------+----------------------+-----
Spellcasting   | 3 4 |  4.0
Conjurations   | 5 6 |  6.0
Hexes          | 1 2 |  2.0
Polearms       | 1 |  1.0
Dodging        | 3 |  3.9
Stealth        | |  1.7

Action                   |  1- 3 |  4- 6 |  7- 9 || total
-------------------------+-------+-------+-------++-------
Melee: Short sword       |    52 |       |       ||    52
       Whip              |     3 |       |       ||     3
       Tailslap          |     4 |     7 |     1 ||    12
       Dagger            |    18 |     4 |       ||    22
       Scythe            |       |   125 |    12 ||   137
Throw: Throwing net      |       |       |     1 ||     1
 Cast: Magic Dart        |    30 |    30 |       ||    60
       Searing Ray       |     3 |     9 |     2 ||    14
       Dazzling Spray    |     2 |    13 |     2 ||    17
Evoke: Wand              |       |       |     1 ||     1
  Use: Potion            |       |     3 |       ||     3
       Scroll            |       |     6 |       ||     6
 Stab: Sleeping          |     3 |     2 |       ||     5
  Eat: Chunk             |     3 |     9 |     1 ||    13
Armor: Skin              |    14 |    68 |     6 ||    88
Dodge: Dodged            |    50 |   149 |    11 ||   210
